 Dungeon Crawl Stone Soup version 0.31-a0-986-g5e6e4ef867 (webtiles) character file.

Game seed: 13354542547563531882

7716 dialectric the Basher (level 11, -7/84 HPs)
             Began as a Demonspawn Fighter on Nov 11, 2023.
             Mangled by an orc warlord
             ... wielding a +7 broad axe
              (22 damage)
             ... in a bailey.
             The game lasted 00:15:26 (9844 turns).

dialectric the Basher (Demonspawn Fighter)          Turns: 9844, Time: 00:15:27

Health: -7/84      AC: 23    Str: 29    XL:     11   Next: 0%
Magic:  11/11      EV: 12    Int: 16    God:
Gold:   304        SH:  0    Dex: 10    Spells: 10/10 levels left

rFire   + . .        s - +2 mace of Duts {heavy, Drain Int+7 Dex-4 SInv}
rCold   + + .        (no shield)
rNeg    . . .        y - +0 scale mail {rC+}
rPois   .            (no helmet)
rElec   +            I - +2 cloak {rF+}
rCorr   .            (gloves unavailable)
SInv    +            u - +1 pair of boots
Will    .....        k - amulet of regeneration Stlth
                     A - +6 ring of strength
HPRegen 3.14/turn    J - ring of Autumn {rElec rC+ Str+3}
MPRegen 0.12/turn

%: no passive effects
@: mighty, sanguine armoured
A: demonic guardian 1, powered by death 1, sanguine armour 2, demonic touch 3
a: no special abilities


You were in a bailey.
You visited 3 branches of the dungeon, and saw 11 of its levels.
You also visited: Sewer and Bailey.

You collected 430 gold pieces.
You spent 126 gold pieces at shops.

Inventory:

Hand Weapons
 a - a +0 flail
 s - the +2 mace of Duts (weapon) {heavy, Drain Int+7 Dex-4 SInv}
   (You found it on level 3 of the Dungeon)

   Int+7:     It affects your intelligence (+7).
   Dex-4:     It affects your dexterity (-4).
   SInv:      It lets you see invisible.
   Drain:     It drains your maximum health when unequipped.
 w - a +1 whip of flaming
Missiles
 g - 11 poisoned darts (quivered)
 v - a throwing net
 P - 8 boomerangs
Armour
 b - a +0 scale mail
 c - a +0 buckler
 u - a +1 pair of boots (worn)
 y - a +0 scale mail of cold resistance (worn)
 D - a +7 plate armour of ponderousness
 I - a +2 cloak of fire resistance (worn)
 O - a +0 kite shield
Jewellery
 k - an amulet of regeneration (around neck)
 r - an amulet of reflection
 A - a +6 ring of strength (left hand)
 J - the ring of Autumn (right hand) {rElec rC+ Str+3}
   (You found it on level 6 of the Dungeon)

   [ring of protection from cold]

   Str+3:     It affects your strength (+3).
   rC+:       It protects you from cold.
   rElec:     It insulates you from electricity.
Wands
 j - a wand of acid (1)
 x - a wand of digging (4)
 F - a wand of polymorph (6)
 K - a wand of flame (8)
Scrolls
 f - 7 scrolls of teleportation
 h - a scroll of fog
 i - a scroll of revelation {unknown}
 l - a scroll of amnesia {unknown}
 o - 2 scrolls of blinking {unknown}
 p - a scroll of enchant weapon {unknown}
 z - a scroll of noise {unknown}
 C - a scroll of torment {unknown}
 E - a scroll of poison {unknown}
 H - 2 scrolls of brand weapon {unknown}
 M - a scroll of immolation {unknown}
 Q - 2 scrolls of butterflies {unknown}
Potions
 e - 3 potions of heal wounds
 m - 3 potions of cancellation
 n - a potion of haste {unknown}
 q - 4 potions of magic
 t - 2 potions of resistance
 B - 2 potions of curing
 G - a potion of attraction
 L - a potion of brilliance
 N - 2 potions of invisibility {unknown}


   Skills:
 + Level 7.4 Fighting
 * Level 9.6 Maces & Flails
 - Level 1.1 Throwing
 * Level 9.6 Armour
 - Level 5.0 Dodging
 - Level 0.3 Stealth
 - Level 3.0 Shields
 - Level 0.5 Unarmed Combat


You had 10 spell levels left.
You didn't know any spells.
Your spell library contained the following spells:

 Spells                   Type           Power      Damage    Failure   Level
 Kiss of Death            Conj/Necr      0%         2d5       43%         1
 Magic Dart               Conj           0%         1d3       43%         1
 Shock                    Conj/Air       0%         1d3       43%         1
 Call Imp                 Summ           0%         N/A       56%         2
 Poisonous Vapours        Pois/Air       0%         N/A       56%         2
 Confusing Touch          Hex            0%         N/A       80%         3
 Mephitic Cloud           Conj/Pois/Air  0%         N/A       80%         3
 Swiftness                Air            0%         N/A       80%         3
 Airstrike                Air            0%         2d(0-16)  99%         4
 Dispel Undead            Necr           0%         3d6       99%         4
 Freezing Cloud           Conj/Ice/Air   0%         6-21      100%        5


Dungeon Overview and Level Annotations

Branches:
Dungeon (9/15)             Temple (1/1) D:7            Lair (1/5) D:8
  Sewer (visited)          Bailey (1/1)
    Orc: D:9-12

Altars:
Ashenzari
Cheibriados
Dithmenos
Fedhas
Gozag
Hepliaklqana
Kikubaaqudgha
Makhleb
Nemelex Xobeh
Okawaru
Qazlal
Ru
Sif Muna
Trog
Vehumet
Wu Jian
Xom
Yredelemnul

Shops:
D:1 !   D:6 *


Innate Abilities, Weirdness & Mutations

A weak demonic guardian rushes to your aid.
You regenerate a little health from kills.
When seriously injured, your blood forms thick armour. (AC +9)
Your touch may irresistibly damage your foes and sap their willpower.


Message History

The orc warlord seems to be corroded for longer.
The orc warlord is heavily wounded.
Unknown command.
You barely miss the orc warlord.
The orc warlord is heavily wounded.
The orc warrior no longer looks unusually strong.
You bludgeon the orc warrior!!
You kill the orc warrior!
The orc warlord hits you with a +7 broad axe!
The orc warlord hits you with a +7 broad axe!!
Your blood congeals into armour.
You sock the orc warrior!
The orc warrior is severely wounded.
The orc warrior completely misses you.
The orc warlord roars a battlecry!
The orc warrior goes into a battle-frenzy!
You sock the orc warrior!
You kill the orc warrior!
The orc warlord hits you with a +7 broad axe!
You have reached level 11!
Your demonic ancestry asserts itself...
You feel your blood thicken.
You sock the orc warlord!
The orc warlord is severely wounded.
The orc hits you with a +0 hand axe.
The orc warlord hits you with a +7 broad axe!
The orc hits you but does no damage.
The orc warlord hits you with a +7 broad axe!!
* * * LOW HITPOINT WARNING * * *
A demonic guardian appears!
You bludgeon the orc warlord!! Your touch misses the orc warlord.
The orc warlord is almost dead.
The orc barely misses you.
The orc warlord hits you but does no damage.
Unknown command.
You hit the orc warlord.
The orc warlord is almost dead.
The orc closely misses you.
The orc warlord hits you with a +7 broad axe!!
You die...

####### ##..∩..##
#.......# ##.......##
#.........# ##.........##
#######.....⌠.....#####
##.....##)........##....
#......@o.........))....
##.....5o##.......##.....
#.........#..)....#......
##.........##88.88##......
#.....⌠.....###g###.....⌠.
##.........###oo.###......
#.........#..o....#......
##.......##.ogg...##.....
#.......#o........#..)))


You could see an orc warlord (corroded, ally target), an orc (strong) and a
friendly iron imp (summoned).

Vanquished Creatures
  2 death yaks (D:8)
  Pikel (D:6)
  A cane toad (D:8)
  7 yaks (D:8)
  A steam dragon (D:9)
  5 water moccasins
  11 orc warriors
  Duvessa (D:6)
  A sky beast (D:8)
  2 ice beasts
  A black bear (D:5)
  2 centaurs
  A lemure (D:6)
  2 kobold brigands
  5 bullfrogs
  2 gnoll sergeants
  2 scorpions
  8 wights
  5 killer bees (D:8)
  Dowan (D:6)
  2 hounds
  2 jellies
  3 orc priests
  A gnoll bouda (D:5)
  3 sleepcaps
  3 iguanas
  4 orc wizards
  13 gnolls
  16 adders
  5 river rats
  2 ufetubi (D:7)
  4 worms
  2 dart slugs
  21 orcs
  12 ball pythons
  9 bats
  10 endoplasms
  4 giant cockroaches
  17 hobgoblins
  9 jackals (D:1)
  7 kobolds
  3 quokkas
  8 frilled lizards
  13 goblins
  36 rats
270 creatures vanquished.

Vanquished Creatures (collateral kills)
  A black bear (D:6)
  A centaur (D:5)
  An orc (D:4)
  A hobgoblin (D:4)
4 creatures vanquished.

Grand Total: 274 creatures vanquished

Notes
Turn   | Place    | Note
-------+----------+-------------------------------------------
     0 | D:1      | dialectric the Demonspawn Fighter began the quest for the
                  | Orb.
     0 | D:1      | Reached XP level 1. HP: 18/18 MP: 1/1
    82 | D:1      | Found Duvolean's Distillery.
   242 | D:1      | Gained mutation: Your touch may inflict minor irresistible
                  | damage on your foes. [demonic ancestry]
   242 | D:1      | Reached XP level 2. HP: 24/24 MP: 2/2
   491 | D:1      | Gained mutation: Your touch may inflict irresistible damage
                  | on your foes. [demonic ancestry]
   491 | D:1      | Reached XP level 3. HP: 28/29 MP: 3/3
  1412 | D:2      | Gained mutation: You regenerate a little health from kills.
                  | [demonic ancestry]
  1412 | D:2      | Reached XP level 4. HP: 35/35 MP: 4/4
  1491 | D:2      | Noticed a scorpion
  1493 | D:2      | Killed a scorpion
  1494 | D:2      | Reached skill level 1 in Dodging
  1494 | D:2      | Gained mutation: Your touch may irresistibly damage your
                  | foes and sap their willpower. [demonic ancestry]
  1494 | D:2      | Reached XP level 5. HP: 35/42 MP: 5/5
  1914 | D:3      | Found a glowing drain.
  1918 | Sewer    | Entered a sewer
  2378 | Sewer    | Gained mutation: A weak demonic guardian rushes to your
                  | aid. [demonic ancestry]
  2378 | Sewer    | Reached XP level 6. HP: 48/48 MP: 6/6
  2716 | D:3      | Identified the +2 mace of Duts {heavy, Drain Int+7 Dex-4
                  | SInv}
  3318 | D:4      | Gained mutation: When seriously injured, your blood forms
                  | armour. (AC +9) [demonic ancestry]
  3318 | D:4      | Reached XP level 7. HP: 47/54 MP: 7/7
  3798 | D:5      | Entered Level 5 of the Dungeon
  4259 | D:5      | Reached XP level 8. HP: 34/61 MP: 8/8
  4596 | D:5      | Reached skill level 5 in Armour
  4664 | D:5      | Reached skill level 5 in Fighting
  4664 | D:5      | Reached skill level 5 in Maces & Flails
  4720 | D:5      | Found a blossoming altar of Fedhas.
  4755 | D:5      | Found a radiant altar of Vehumet.
  5756 | D:6      | Found a sacrificial altar of Ru.
  5861 | D:6      | Reached skill level 1 in Throwing
  5960 | D:6      | Noticed Pikel
  6036 | D:6      | Killed Pikel
  6037 | D:6      | Reached XP level 9. HP: 17/69 MP: 9/9
  6377 | D:6      | Noticed Dowan
  6382 | D:6      | Noticed Duvessa
  6392 | D:6      | Killed Duvessa
  6394 | D:6      | Killed Dowan
  6621 | D:6      | Found Cocwuaciaf's Fire Supplies.
  6631 | D:6      | Bought a +0 cloak of fire resistance for 126 gold pieces
  6642 | D:6      | Identified the ring of Autumn {rElec rC+ Str+3}
  6954 | D:7      | Reached skill level 5 in Dodging
  7286 | D:7      | Found a staircase to the Ecumenical Temple.
  8202 | D:8      | Found a staircase to the Lair.
  8202 | D:8      | Noticed a death yak
  8205 | D:8      | Found a sparkling altar of Nemelex Xobeh.
  8208 | D:8      | Noticed a death yak
  8208 | D:8      | Noticed a death yak
  8256 | Temple   | Entered the Ecumenical Temple
  8310 | D:8      | Found an opulent altar of Gozag.
  8314 | D:8      | Found an opulent altar of Gozag.
  8318 | D:8      | Found an opulent altar of Gozag.
  8325 | D:8      | Found an opulent altar of Gozag.
  8441 | D:8      | Found a stormy altar of Qazlal.
  8647 | D:8      | Found a shadowy altar of Dithmenos.
  8762 | D:8      | Reached XP level 10. HP: 55/77 MP: 10/10
  8876 | D:8      | Found a burning altar of Makhleb.
  8950 | D:8      | Killed a death yak
  8958 | D:8      | Killed a death yak
  9178 | Lair:1   | Entered Level 1 of the Lair of Beasts
  9400 | Lair:1   | Noticed a cane toad
  9415 | D:8      | Killed a cane toad
  9538 | D:9      | Found a flagged portal.
  9566 | Bailey   | Entered a bailey
  9819 | Bailey   | Noticed an orc warlord
  9842 | Bailey   | Gained mutation: When seriously injured, your blood forms
                  | thick armour. (AC +9) [demonic ancestry]
  9842 | Bailey   | Reached XP level 11. HP: 41/84 MP: 11/11
  9844 | Bailey   | Mangled by an orc warlord

Illustrated notes

Levels and vault maps discovered:
D:1:      minmay_arrival_wavy_path, layout_basic, serial_shops, shop,
          minmay_misc_feat_diagonals, dk_noncrumbling_2
D:2:      layout_loops_cross
D:3:      layout_loops_ring, biasface_ghost_orc_armoury, gup_sewer_entry_bowl
D:4:      layout_loops_corners, minivault_1, minivault_24,
          kennysheep_generic_room_2
D:5:      layout_layer_cave, general_overflow_altar, mainiacjoe_overflow_catwalk
D:6:      layout_basic, nicolae_ru_sacrificial_ziggurat, nicolae_shop_fire_sale
          [nicolae_sub_dead_trees], uniq_duvessa, uniq_pikel
D:7:      layout_layer_cave, minmay_temple_entry_sparse_star
D:8:      layout_loops_cross, mainiacjoe_overflow_paths,
          nicolae_gozag_conspicuous_consumption, lemuel_crystal_altar,
          mainiacjoe_overflow_small_starburst, jmf_multi_god_temple,
          dpeg_lair_monsters
D:9:      layout_cave_pools, amcnicky_altar_gilded, erik_orc_2, enter_bailey_4
Temple:   nicolae_temple_no_exploring_needed
Lair:1:   layout_gridlike
Bailey:   bailey_axe_minmay_hex_keep, bailey

Skill      XL: |  1  2  3  4  5  6  7  8  9 10 |
---------------+-------------------------------+-----
Maces & Flails | 2 3 4 6 7 9 |  9.6
Armour         | 3 4 6 7 9 |  9.6
Shields        | 3 |  3.0
Dodging        | 1 2 3 4 5 |  5.0
Fighting       | 4 5 6 7 |  7.4
Throwing       | 1 |  1.1
Stealth        | |  0.3
Unarmed Combat | |  0.5

Action                     |  1- 3 |  4- 6 |  7- 9 | 10-12 || total
---------------------------+-------+-------+-------+-------++-------
  Melee: Flail             |   125 |   197 |       |       ||   322
         Touch             |    20 |    28 |    28 |    24 ||   100
         Punch             |     1 |     1 |     2 |     2 ||     6
         Mace              |       |    16 |   220 |   140 ||   376
         Unarmed           |       |       |    10 |       ||    10
  Throw: Dart              |     5 |     4 |    22 |    17 ||    48
  Evoke: Wand              |       |       |       |     5 ||     5
    Use: Potion            |       |     4 |     2 |     2 ||     8
         Scroll            |       |       |    12 |     2 ||    14
 Armour: Scale mail        |   131 |   194 |   366 |   148 ||   839
         Skin              |       |   172 |    34 |       ||   206
  Dodge: Dodged            |    93 |   197 |   296 |   125 ||   711

Table legend: (Time is in decaauts)
 A = Elapsed time spent in this place.
 B = Non-inter-level travel time spent in this place.
 C = Inter-level travel time spent in this place.
 D = Time resting spent in this place.
 E = Time spent auto-exploring this place.
 F = Levels seen in this place.
 G = Mean time per level.
                   A        B        C        D        E       F      G
               +--------+--------+--------+--------+--------+-----+--------+
         Total |  10208 |   9629 |    579 |    391 |   6579 |  13 |  785.2 |
       Dungeon |   9214 |   8636 |    578 |    334 |   6197 |   9 | 1023.8 |
        Temple |      1 |      1 |      0 |      0 |      0 |   1 |    1.0 |
          Lair |     22 |     22 |      0 |      0 |      1 |   1 |   22.0 |
         Sewer |    666 |    666 |      0 |     57 |    259 |   1 |  666.0 |
        Bailey |    303 |    303 |      0 |      0 |    122 |   1 |  303.0 |
               +--------+--------+--------+--------+--------+-----+--------+

Top non-repeatable levels by time:
     D:5: 1624 daAuts
     D:7: 1509 daAuts
     D:6: 1316 daAuts
     D:4: 1299 daAuts
     D:1: 1078 daAuts
     D:8: 1037 daAuts
     D:2: 785 daAuts
   Sewer: 666 daAuts
     D:3: 452 daAuts
  Bailey: 303 daAuts
     D:9: 110 daAuts
  Lair:1: 22 daAuts
  Temple: 1 daAuts
